| TOP OF THE 1ST |
|
Hartford Yard Goats batting - Pitching for Hagerstown Suns : RHP Chris Close
|
|
Pitching: RHP Chris Close
|
|
|
Batting: SHB Clayton Saunders
|
0-0: Called Strike 0-1: Ball 1-1: Called Strike 1-2: Strikes out swinging
|
|
Batting: LHB Mick Tucker
|
0-0: Ball 1-0: Ball 2-0: Foul Ball, location: 2F 2-1: Ball 3-1: Base on Balls
|
|
Batting: RHB Andy Rayer
|
0-0: Called Strike 0-1: Ball 1-1: Swinging Strike 1-2: Fly out, F9 (Flyball, 89S, EV 85.6 MPH)
|
|
Batting: RHB John Corfield
|
0-0: Foul Ball, location: 2F 0-1: Swinging Strike 0-2: Ball 1-2: Ball 2-2: Ball 3-2: Base on Balls Mick Tucker to second
|
|
Batting: LHB Georges Lambert
|
0-0: Ball 1-0: Ground out 4-3 (Groundball, 4, EV 86.2 MPH)
|
| Top of the 1st over - 0 runs, 0 hits, 0 errors, 2 left on base; Hartford 0 - Hagerstown 0 |
| BOTTOM OF THE 1ST |
|
Hagerstown Suns batting - Pitching for Hartford Yard Goats : RHP Tsuneyoshi Kubo
|
|
Pitching: RHP Tsuneyoshi Kubo
|
|
|
Batting: RHB John Savard
|
0-0: Ball 1-0: DOUBLE (Groundball, 3L, EV 107.5 MPH)
|
|
Batting: RHB Naofumi Ishida
|
0-0: Ball 1-0: Ground out 4-3 (Groundball, 4, EV 83.8 MPH) John Savard to third
|
|
Batting: LHB Chance McWilliams
|
0-0: Ball 1-0: Ball 2-0: Ground out 5-3 (Groundball, 56, EV 85.6 MPH)
|
|
Batting: RHB Nick Moreno
|
0-0: Called Strike 0-1: Hit by Pitch
|
|
Batting: LHB John Holst
|
0-0: Ball 1-0: Ball 2-0: Foul Ball, location: 2F 2-1: Foul Ball, location: 2F 2-2: Foul Ball, location: 2F 2-2: Ball 3-2: Foul Ball, location: 2F 3-2: Base on Balls Nick Moreno to second
|
|
Batting: RHB Steve Bauman
|
0-0: Ball 1-0: Swinging Strike 1-1: Ground out 4-3 (Groundball, 4MS, EV 88.1 MPH)
|
| Bottom of the 1st over - 0 runs, 1 hit, 0 errors, 3 left on base; Hartford 0 - Hagerstown 0 |
| TOP OF THE 2ND |
|
Hartford Yard Goats batting - Pitching for Hagerstown Suns : RHP Chris Close
|
|
Batting: RHB Manny Thompson
|
0-0: Ball 1-0: Fly out, F7 (Flyball, 78S, EV 91.2 MPH)
|
|
Batting: RHB Juan Gallardo
|
0-0: Ball 1-0: Ball 2-0: SINGLE (Groundball, 4MD, EV 95.0 MPH)
|
|
Batting: RHB Willie Benito
|
0-0: Ball 1-0: Fly out, F8 (Flyball, 89M, EV 94.4 MPH)
|
|
Batting: SHB Justin Jackson
|
0-0: Ball 1-0: Foul Ball, location: 2F 1-1: Ball 2-1: Ball 3-1: TRIPLE (Flyball, 8LXD, EV 110.6 MPH) Juan Gallardo scores
|
|
Batting: SHB Clayton Saunders
|
0-0: Ball 1-0: Foul Ball, location: 2F 1-1: Foul Ball, location: 2F 1-2: Strikes out swinging
|
| Top of the 2nd over - 1 run, 2 hits, 0 errors, 1 left on base; Hartford 1 - Hagerstown 0 |
| BOTTOM OF THE 2ND |
|
Hagerstown Suns batting - Pitching for Hartford Yard Goats : RHP Tsuneyoshi Kubo
|
|
Batting: SHB Curtis DeLille
|
0-0: Ball 1-0: Foul Ball, location: 2F 1-1: Ball 2-1: Ground out 6-3 (Groundball, 56D, EV 101.2 MPH)
|
|
Batting: LHB Bobby Adams
|
0-0: Ball 1-0: Ball 2-0: Called Strike 2-1: Foul Ball, location: 2F 2-2: Strikes out swinging
|
|
Batting: RHB Jelexiz Cuenca
|
0-0: Foul Ball, location: 2F 0-1: Ball 1-1: Called Strike 1-2: Ball 2-2: Foul Ball, location: 2F 2-2: Strikes out looking
|
| Bottom of the 2nd over - 0 runs, 0 hits, 0 errors, 0 left on base; Hartford 1 - Hagerstown 0 |
| TOP OF THE 3RD |
|
Hartford Yard Goats batting - Pitching for Hagerstown Suns : RHP Chris Close
|
|
Batting: LHB Mick Tucker
|
0-0: Called Strike 0-1: Called Strike 0-2: Foul Ball, location: 2F 0-2: Strikes out swinging
|
|
Batting: RHB Andy Rayer
|
0-0: Foul Ball, location: 2F 0-1: Ball 1-1: Foul Ball, location: 2F 1-2: Ball 2-2: Ball 3-2: Foul Ball, location: 2F 3-2: Base on Balls
|
|
Batting: RHB John Corfield
|
0-0: Ball 1-0: Called Strike 1-1: Ball 2-1: Foul Ball, location: 2F 2-2: Foul Ball, location: 2F 2-2: Grounds into double play, 4-6-3 (Groundball, 4, EV 83.8 MPH)
|
| Top of the 3rd over - 0 runs, 0 hits, 0 errors, 0 left on base; Hartford 1 - Hagerstown 0 |
| BOTTOM OF THE 3RD |
|
Hagerstown Suns batting - Pitching for Hartford Yard Goats : RHP Tsuneyoshi Kubo
|
|
Batting: RHB John Savard
|
0-0: Ground out 5-3 (Groundball, 56, EV 86.2 MPH)
|
|
Batting: RHB Naofumi Ishida
|
0-0: Ball 1-0: Ball 2-0: Ball 3-0: Base on Balls
|
|
Batting: LHB Chance McWilliams
|
0-0: Ball 1-0: Foul Ball, location: 2F 1-1: Ball 2-1: Ball 3-1: Base on Balls Naofumi Ishida to second
|
|
Batting: RHB Nick Moreno
|
0-0: Fielders Choice at 2nd, 1-4 (Groundball, 15S, EV 65.6 MPH) Naofumi Ishida to third
|
|
Batting: LHB John Holst
|
0-0: Foul Ball, location: 2F 0-1: Ball 1-1: Foul Ball, location: 2F 1-2: Ball 2-2: Ball 3-2: 3-RUN HOME RUN (Line Drive, 7LD, EV 93.1 MPH), Distance : 353 ft
|
|
Batting: RHB Steve Bauman
|
0-0: Called Strike 0-1: Ball 1-1: Ball 2-1: Fly out, F7 (Flyball, 7, EV 76.9 MPH)
|
| Bottom of the 3rd over - 3 runs, 1 hit, 0 errors, 0 left on base; Hartford 1 - Hagerstown 3 |
| TOP OF THE 4TH |
|
Hartford Yard Goats batting - Pitching for Hagerstown Suns : RHP Chris Close
|
|
Batting: LHB Georges Lambert
|
0-0: Ball 1-0: Ball 2-0: Foul Ball, location: 2F 2-1: SINGLE (Groundball, 6S, EV 67.5 MPH) (infield hit)
|
|
Batting: RHB Manny Thompson
|
0-0: Ground out 4-3 (Groundball, 4MS, EV 66.9 MPH) Georges Lambert to second
|
|
Batting: RHB Juan Gallardo
|
0-0: Called Strike 0-1: Called Strike 0-2: Ball 1-2: SINGLE (Flyball, 89S, EV 87.5 MPH) Georges Lambert to third Runner from 3rd tries for Home, throw by CF and OUT! 8-2
|
|
Batting: RHB Willie Benito
|
0-0: Ball 1-0: Foul Ball, location: 2F 1-1: Called Strike 1-2: Foul Ball, location: 2F 1-2: Strikes out swinging
|
| Top of the 4th over - 0 runs, 2 hits, 0 errors, 1 left on base; Hartford 1 - Hagerstown 3 |
| BOTTOM OF THE 4TH |
|
Hagerstown Suns batting - Pitching for Hartford Yard Goats : RHP Tsuneyoshi Kubo
|
|
Batting: SHB Curtis DeLille
|
0-0: Called Strike 0-1: Ball 1-1: Ball 2-1: Fly out, F7 (Flyball, 7LS, EV 82.5 MPH)
|
|
Batting: LHB Bobby Adams
|
0-0: Ball 1-0: Ground out 6-3 (Groundball, 6M, EV 102.5 MPH)
|
|
Batting: RHB Jelexiz Cuenca
|
0-0: Called Strike 0-1: Ball 1-1: Called Strike 1-2: Foul Ball, location: 2F 1-2: Ball 2-2: Ball 3-2: Foul Ball, location: 2F 3-2: Strikes out swinging
|
| Bottom of the 4th over - 0 runs, 0 hits, 0 errors, 0 left on base; Hartford 1 - Hagerstown 3 |
| TOP OF THE 5TH |
|
Hartford Yard Goats batting - Pitching for Hagerstown Suns : RHP Chris Close
|
|
Batting: SHB Justin Jackson
|
0-0: Ball 1-0: Swinging Strike 1-1: Ball 2-1: Ball 3-1: Base on Balls
|
|
Batting: SHB Clayton Saunders
|
0-0: Swinging Strike 0-1: Ball 1-1: DOUBLE (Flyball, 8LXD, EV 99.4 MPH) Justin Jackson to third
|
|
Batting: LHB Mick Tucker
|
0-0: Ball 1-0: Foul Ball, location: 2F 1-1: Ball 2-1: SINGLE (Groundball, 4M, EV 110.0 MPH) (infield hit) Justin Jackson scores Clayton Saunders to third
|
|
Batting: RHB Andy Rayer
|
0-0: Called Strike 0-1: Ball Mick Tucker steals 2nd base 1-1: Ball 2-1: Ball 3-1: Base on Balls
|
|
Batting: RHB John Corfield
|
0-0: Foul Ball, location: 2F 0-1: Ball 1-1: Called Strike 1-2: Foul Ball, location: 2F 1-2: Ball 2-2: Foul Ball, location: 2F 2-2: Strikes out looking
|
|
Pitching: RHP Alpha Miller
|
|
|
Batting: LHB Georges Lambert
|
0-0: Ball 1-0: Called Strike 1-1: Swinging Strike 1-2: Ball 2-2: Fly out, F7 (Flyball, 7S, EV 84.4 MPH)
|
|
Batting: RHB Manny Thompson
|
0-0: Swinging Strike 0-1: Ball 1-1: Ball 2-1: Called Strike 2-2: Ground out 6-3 (Groundball, 6S, EV 85.0 MPH)
|
| Top of the 5th over - 1 run, 2 hits, 0 errors, 3 left on base; Hartford 2 - Hagerstown 3 |
| BOTTOM OF THE 5TH |
|
Hagerstown Suns batting - Pitching for Hartford Yard Goats : RHP Tsuneyoshi Kubo
|
|
Batting: RHB John Savard
|
0-0: Ball 1-0: Foul Ball, location: 2F 1-1: Ball 2-1: Swinging Strike 2-2: Reached on error, E6 (Groundball, 6, EV 97.5 MPH)
|
|
Batting: RHB Naofumi Ishida
|
0-0: Called Strike John Savard steals 2nd base 0-1: Foul Ball, location: 2F 0-2: Ground out 6-3 (Groundball, 6, EV 78.1 MPH) John Savard to third
|
|
Batting: LHB Chance McWilliams
|
0-0: Ball 1-0: Called Strike 1-1: Ball 2-1: Ground out 4-3 (Groundball, 4, EV 85.0 MPH) John Savard scores
|
|
Batting: RHB Nick Moreno
|
0-0: Ball 1-0: Foul Ball, location: 2F 1-1: Called Strike 1-2: Ball 2-2: Ball 3-2: Fly out, F7 (Flyball, 7, EV 89.4 MPH)
|
| Bottom of the 5th over - 1 run, 0 hits, 1 error, 0 left on base; Hartford 2 - Hagerstown 4 |
| TOP OF THE 6TH |
|
Hartford Yard Goats batting - Pitching for Hagerstown Suns : RHP Alpha Miller
|
|
Batting: RHB Juan Gallardo
|
0-0: Foul Ball, location: 2F 0-1: Ball 1-1: Foul Ball, location: 2F 1-2: SINGLE (Groundball, 4D, EV 106.2 MPH)
|
|
Batting: RHB Willie Benito
|
Pickoff Throw to First - Error! E1 Juan Gallardo to second 0-0: Ball 1-0: Called Strike 1-1: Ball 2-1: Ball 3-1: Called Strike 3-2: Ground out 6-3 (Groundball, 6, EV 84.4 MPH)
|
|
Batting: SHB Justin Jackson
|
0-0: Called Strike 0-1: Ball 1-1: Ball 2-1: Swinging Strike 2-2: Ball 3-2: Strikes out swinging
|
|
Batting: SHB Clayton Saunders
|
0-0: Swinging Strike 0-1: Called Strike 0-2: Strikes out looking
|
| Top of the 6th over - 0 runs, 1 hit, 1 error, 1 left on base; Hartford 2 - Hagerstown 4 |
| BOTTOM OF THE 6TH |
|
Hagerstown Suns batting - Pitching for Hartford Yard Goats : RHP Tsuneyoshi Kubo
|
|
Pitching: RHP Lorenzo Pacheco
|
|
|
Batting: LHB John Holst
|
0-0: Foul Ball, location: 2F 0-1: Called Strike 0-2: Strikes out looking
|
|
Batting: RHB Steve Bauman
|
0-0: Swinging Strike 0-1: Called Strike 0-2: Ball 1-2: Ground out 5-3 (Groundball, 56, EV 91.2 MPH)
|
|
Batting: SHB Curtis DeLille
|
0-0: Ball 1-0: Ball 2-0: Ball 3-0: Base on Balls
|
|
Batting: LHB Bobby Adams
|
0-0: Called Strike 0-1: Ball 1-1: Ball 2-1: DOUBLE (Groundball, 5L, EV 101.2 MPH) Curtis DeLille to third
|
|
Batting: RHB Jelexiz Cuenca
|
0-0: Foul Ball, location: 2F 0-1: Ball 1-1: Foul Ball, location: 2F 1-2: Ground out U3 (Groundball, 34, EV 83.1 MPH)
|
| Bottom of the 6th over - 0 runs, 1 hit, 0 errors, 2 left on base; Hartford 2 - Hagerstown 4 |
| TOP OF THE 7TH |
|
Hartford Yard Goats batting - Pitching for Hagerstown Suns : RHP Alpha Miller
|
|
Pitching: RHP Jordan Amaker
|
|
|
Batting: LHB Mick Tucker
|
0-0: Ball 1-0: Ball 2-0: Foul Ball, location: 2F 2-1: Foul Ball, location: 2F 2-2: Strikes out swinging
|
|
Batting: RHB Andy Rayer
|
0-0: Foul Ball, location: 2F 0-1: Foul Ball, location: 2F 0-2: Ball 1-2: SINGLE (Groundball, 6D, EV 100.0 MPH)
|
|
Batting: RHB John Corfield
|
0-0: Ball 1-0: Called Strike 1-1: Ground out 4-3 (Groundball, 34, EV 88.8 MPH) Andy Rayer to second
|
|
Batting: LHB Georges Lambert
|
0-0: Foul Ball, location: 2F 0-1: Foul Ball, location: 2F 0-2: Ball 1-2: Fly out, F9 (Flyball, 9, EV 83.8 MPH)
|
| Top of the 7th over - 0 runs, 1 hit, 0 errors, 1 left on base; Hartford 2 - Hagerstown 4 |
| BOTTOM OF THE 7TH |
|
Hagerstown Suns batting - Pitching for Hartford Yard Goats : RHP Lorenzo Pacheco
|
|
Pitching: RHP Gorgonio Sigua
|
|
|
Batting: RHB John Savard
|
0-0: Ground out U3 (Groundball, 3, EV 79.4 MPH)
|
|
Batting: RHB Naofumi Ishida
|
0-0: Ball 1-0: Foul Ball, location: 2F 1-1: Ball 2-1: Ball 3-1: Foul Ball, location: 2F 3-2: Base on Balls
|
|
Batting: LHB Chance McWilliams
|
0-0: Ball 1-0: Ball 2-0: Called Strike 2-1: Ball 3-1: Called Strike 3-2: Fly out, F7 (Line Drive, 78D, EV 88.1 MPH)
|
|
Batting: RHB Nick Moreno
|
0-0: Foul Ball, location: 2F 0-1: Fly out, F8 (Flyball, 8RXD, EV 98.8 MPH)
|
| Bottom of the 7th over - 0 runs, 0 hits, 0 errors, 1 left on base; Hartford 2 - Hagerstown 4 |
| TOP OF THE 8TH |
|
Hartford Yard Goats batting - Pitching for Hagerstown Suns : RHP Jordan Amaker
|
|
Pitching: RHP Steve Barnes
|
|
|
Now in LF: Scott Skoglund
|
|
|
Batting: RHB Manny Thompson
|
0-0: Fly out, F3 (Line Drive, 3L, EV 74.4 MPH)
|
|
Batting: RHB Juan Gallardo
|
0-0: Ball 1-0: Ground out 4-3 (Groundball, 4, EV 98.1 MPH)
|
|
Batting: RHB Willie Benito
|
0-0: Foul Ball, location: 2F 0-1: Ball 1-1: Foul Ball, location: 2F 1-2: Foul Ball, location: 2F 1-2: Ball 2-2: Foul Ball, location: 2F 2-2: Ground out 3-1 (Groundball, 13, EV 82.5 MPH)
|
| Top of the 8th over - 0 runs, 0 hits, 0 errors, 0 left on base; Hartford 2 - Hagerstown 4 |
| BOTTOM OF THE 8TH |
|
Hagerstown Suns batting - Pitching for Hartford Yard Goats : RHP Gorgonio Sigua
|
|
Pitching: RHP Ricardo Roman
|
|
|
Batting: LHB John Holst
|
0-0: Ball 1-0: Ball 2-0: Foul Ball, location: 2F 2-1: Called Strike 2-2: Ball 3-2: Foul Ball, location: 2F 3-2: Strikes out swinging
|
|
Batting: RHB Steve Bauman
|
0-0: Ball 1-0: Ball 2-0: Called Strike 2-1: Ball 3-1: Swinging Strike 3-2: Base on Balls
|
|
Batting: SHB Curtis DeLille
|
0-0: Called Strike 0-1: Swinging Strike 0-2: SINGLE (Groundball, 6D, EV 103.1 MPH) Steve Bauman to second
|
|
Batting: LHB Bobby Adams
|
0-0: Ball 1-0: Fly out, F9 (Flyball, 9LM, EV 104.4 MPH)
|
|
Batting: RHB Jelexiz Cuenca
|
0-0: Called Strike 0-1: Ball 1-1: Swinging Strike 1-2: Ball 2-2: Ball 3-2: Base on Balls Steve Bauman to third Curtis DeLille to second
|
|
Batting: RHB John Savard
|
0-0: Ball 1-0: Foul Ball, location: 2F 1-1: Swinging Strike 1-2: Ball 2-2: Foul Ball, location: 2F 2-2: Ball 3-2: Ground out 5-3 (Groundball, 56S, EV 86.2 MPH)
|
| Bottom of the 8th over - 0 runs, 1 hit, 0 errors, 3 left on base; Hartford 2 - Hagerstown 4 |
| TOP OF THE 9TH |
|
Hartford Yard Goats batting - Pitching for Hagerstown Suns : RHP Steve Barnes
|
|
Pitching: RHP Chris Doty
|
|
|
Batting: SHB Justin Jackson
|
0-0: Called Strike 0-1: Swinging Strike 0-2: Foul Ball, location: 2F 0-2: Ground out U3 (Groundball, 3, EV 90.6 MPH)
|
|
Batting: SHB Clayton Saunders
|
0-0: Ground out 4-3 (Groundball, 4, EV 84.4 MPH)
|
|
Batting: LHB Mick Tucker
|
0-0: Ball 1-0: Fly out, F8 (Flyball, 8RD, EV 96.9 MPH)
|
| Top of the 9th over - 0 runs, 0 hits, 0 errors, 0 left on base; Hartford 2 - Hagerstown 4 |
|